 Dungeon Sprint DCSS version 0.29.1-12-g30fa7ad0bf (webtiles) character file.

Game seed: 2051498254022516521

3791 boopmooplesden the Fencer (level 9, -7/100 HPs)
             Began as a Minotaur Berserker on Dec 18, 2022.
             Was a High Priest of Trog.
             Mangled by a cane toad (16 damage)
             ... in the Dungeon (Sprint IX: "|||||||||||||||||||||||||||||").
             The game lasted 00:01:32 (603 turns).

boopmooplesden the Fencer (Minotaur Berserker)       Turns: 603, Time: 00:01:32

Health: -7/100     AC: 15    Str: 28    XL:     9   Next: 95%
Magic:  8/8        EV: 13    Int:  4    God:    Trog [*****.]
Gold:   6          SH:  0    Dex: 14    Spells: 8/8 levels left

rFire   . . .      SeeInvis .   k - +2 scimitar (holy)
rCold   . . .      Faith    .   (no shield)
rNeg    . . .      Spirit   .   n - +1 chain mail
rPois   .          Reflect  .   (helmet restricted)
rElec   .          Harm     .   (no cloak)
rCorr   .          Rampage  .   l - +0 pair of gloves
Will    ++...      NoTele   +   m - +0 pair of boots
Stlth   ..........              (no amulet)
HPRegen 1.26/turn               o - +3 ring of dexterity
MPRegen 0.11/turn               p - +3 ring of strength

@: strong-willed, on berserk cooldown, regenerating, slowed, very slow
A: horns 2, retaliatory headbutt
a: Renounce Religion, Berserk, Trog's Hand, Brothers in Arms


You were in the Dungeon.
You worshipped Trog.
Trog was extremely pleased with you.
You visited 1 branch You collected 6 gold pieces.

Inventory:

Hand Weapons
 a - a +0 falchion
 k - a +2 scimitar of holy wrath (weapon)
 q - a +2 great sword
Armour
 b - a +0 animal skin
 l - a +0 pair of gloves (worn)
 m - a +0 pair of boots (worn)
 n - a +1 chain mail (worn)
 u - a +0 scale mail of willpower
Jewellery
 o - a +3 ring of dexterity (left hand)
 p - a +3 ring of strength (right hand)
Wands
 j - a wand of quicksilver (10)
Scrolls
 h - 3 scrolls of blinking
 v - 4 scrolls of enchant weapon
 w - 2 scrolls of enchant armour
 x - a scroll of fog
Potions
 c - 7 potions of curing
 d - 3 potions of heal wounds
 e - a potion of haste
 f - 4 potions of magic
 g - a potion of berserk rage
 i - a potion of invisibility
 r - a potion of might
 s - a potion of resistance
 t - a potion of cancellation


   Skills:
 + Level 15.7 Fighting
 + Level 18.7 Long Blades
 + Level 8.9 Armour
 + Level 9.7 Dodging


You had 8 spell levels left.
You didn't know any spells.
Your spell library was empty.

Dungeon Overview and Level Annotations

Branches:
Dungeon (1/1)

Altars:
Cheibriados
Dithmenos
Elyvilon
Fedhas
Gozag
Hepliaklqana
Kikubaaqudgha
Makhleb
Nemelex Xobeh
Okawaru
Qazlal
Ru
Sif Muna
Trog
Uskayaw
Vehumet
Wu Jian
Xom
Yredelemnul
Zin
The Shining One
Jiyva
Lugonu


Innate Abilities, Weirdness & Mutations

You have a pair of horns on your head.
You reflexively headbutt those who attack you in melee.


Message History

The komodo dragon is lightly wounded.
You feel sick.
You slash the komodo dragon!
The komodo dragon is moderately wounded.
You feel sick.
You slice the komodo dragon!!
The komodo dragon is almost dead.
You are no longer berserk.
You are exhausted.
You feel yourself slow down.
You feel sick. The komodo dragon bites you!
You hit the komodo dragon but do no damage.
You headbutt the komodo dragon.
The komodo dragon is almost dead.
You feel sick. The komodo dragon bites you!!
You closely miss the komodo dragon.
The komodo dragon is almost dead.
You feel sick. The komodo dragon bites you!
* * * LOW HITPOINT WARNING * * *
You closely miss the komodo dragon. You headbutt the komodo dragon.
You kill the komodo dragon!
Trog accepts your kill.
You feel sick.
The cane toad stings you but does no damage.
You closely miss the cane toad.
You feel sick.
The cane toad stings you but does no damage.
You slash the cane toad! You headbutt the cane toad!
The cane toad is heavily wounded.
You feel sick.
The cane toad stings you but does no damage.
You barely miss the cane toad.
The cane toad is heavily wounded.
You feel sick.
You are no longer poisoned.
The cane toad stings you!
* * * LOW HITPOINT WARNING * * *
Your skin crawls.
You feel strong-willed.
The cane toad stings you but does no damage.
The cane toad stings you!
You die...

▓▓▓▓▓▓▓▓▓▓▓▓▓▓▓▓▓▓▓▓▓▓▓▓
...FFYF@..........!..'..
▓▓▓▓▓▓▓▓▓▓▓▓▓▓▓▓▓▓▓▓▓▓▓▓▓▓▓▓▓▓▓▓▓
.................................
▓▓▓▓▓▓▓▓▓▓▓▓▓▓▓▓▓▓▓▓▓▓▓▓▓▓▓▓▓▓▓▓▓
_____________________'.....†....†
▓▓▓▓▓▓▓▓▓▓▓▓▓▓▓▓▓▓▓▓▓▓▓▓▓▓▓▓▓▓▓▓▓


You could see a yak and 3 cane toads.

Vanquished Creatures
  A centaur warrior (D)
  2 cyclopes (D)
  A cane toad (D)
  A kobold demonologist (D)
  A komodo dragon (D)
  A yak (D)
  2 acid dragons (D)
  A water moccasin (D)
  2 wolves (D)
  3 centaurs (D)
  2 phantoms (D)
  A hound (D)
  An iguana (D)
  An orc wizard (D)
  An ufetubus (D)
  A dart slug (D)
  A hobgoblin (D)
  A frilled lizard (D)
  2 rats (D)
26 creatures vanquished.

Vanquished Creatures (others)
  A boulder beetle (D)
1 creature vanquished.

Grand Total: 27 creatures vanquished

Notes
Turn   | Place    | Note
-------+----------+-------------------------------------------
     0 | D        | boopmooplesden the Minotaur Berserker began the quest for
                  | the Orb.
     0 | D        | Reached XP level 1. HP: 19/19 MP: 0/0
     9 | D        | Reached skill level 4 in Long Blades
    17 | D        | Reached ** piety under Trog
    78 | D        | Noticed a hound
    78 | D        | Noticed a phantom
    78 | D        | Noticed an iguana
    78 | D        | Noticed a phantom
    92 | D        | Killed a phantom
    93 | D        | Reached skill level 7 in Long Blades
    93 | D        | Reached XP level 2. HP: 31/31 MP: 1/1
    93 | D        | Reached XP level 3. HP: 38/38 MP: 2/2
    93 | D        | Reached XP level 4. HP: 45/45 MP: 3/3
    96 | D        | Reached *** piety under Trog
   101 | D        | Reached skill level 8 in Long Blades
   102 | D        | Killed a phantom
   103 | D        | Reached skill level 9 in Long Blades
   103 | D        | Reached XP level 5. HP: 33/56 MP: 4/4
   106 | D        | Reached skill level 10 in Long Blades
   106 | D        | Reached skill level 5 in Dodging
   112 | D        | Found a snail-covered altar of Cheibriados.
   112 | D        | Found a shadowy altar of Dithmenos.
   112 | D        | Found a white marble altar of Elyvilon.
   112 | D        | Found a blossoming altar of Fedhas.
   112 | D        | Found an opulent altar of Gozag.
   113 | D        | Found a hazy altar of Hepliaklqana.
   114 | D        | Found a viscous altar of Jiyva.
   115 | D        | Found an ancient bone altar of Kikubaaqudgha.
   116 | D        | Found a corrupted altar of Lugonu.
   117 | D        | Found a burning altar of Makhleb.
   118 | D        | Found a sparkling altar of Nemelex Xobeh.
   119 | D        | Found an iron altar of Okawaru.
   120 | D        | Found a stormy altar of Qazlal.
   121 | D        | Found a sacrificial altar of Ru.
   122 | D        | Found a shimmering blue altar of Sif Muna.
   123 | D        | Found a bloodstained altar of Trog.
   124 | D        | Found a hide-covered altar of Uskayaw.
   125 | D        | Found a radiant altar of Vehumet.
   126 | D        | Found an ornate altar of the Wu Jian Council.
   127 | D        | Found a shimmering altar of Xom.
   128 | D        | Found a basalt altar of Yredelemnul.
   129 | D        | Found a glowing silver altar of Zin.
   130 | D        | Found a glowing golden altar of the Shining One.
   231 | D        | Noticed a centaur
   231 | D        | Noticed a centaur
   231 | D        | Noticed an acid dragon
   231 | D        | Noticed a kobold demonologist
   231 | D        | Noticed a yak
   235 | D        | Killed a yak
   235 | D        | Reached **** piety under Trog
   236 | D        | Reached skill level 10 in Fighting
   236 | D        | Reached skill level 11 in Long Blades
   236 | D        | Reached XP level 6. HP: 66/66 MP: 5/5
   238 | D        | Noticed a smoke demon
   241 | D        | Killed a kobold demonologist
   242 | D        | Reached skill level 13 in Long Blades
   242 | D        | Reached skill level 5 in Armour
   242 | D        | Reached XP level 7. HP: 74/74 MP: 6/6
   254 | D        | Reached ***** piety under Trog
   257 | D        | Reached skill level 14 in Long Blades
   260 | D        | Received a gift from Trog
   395 | D        | Noticed a cyclops
   395 | D        | Noticed a centaur warrior
   395 | D        | Noticed a cyclops
   395 | D        | Noticed a boulder beetle
   415 | D        | Killed a cyclops
   415 | D        | Killed a boulder beetle
   416 | D        | Reached skill level 16 in Long Blades
   416 | D        | Reached XP level 8. HP: 56/89 MP: 7/7
   419 | D        | Killed a centaur warrior
   420 | D        | Reached skill level 17 in Long Blades
   420 | D        | Reached XP level 9. HP: 57/96 MP: 8/8
   422 | D        | Killed a cyclops
   423 | D        | Reached skill level 15 in Fighting
   425 | D        | Reached skill level 18 in Long Blades
   576 | D        | Noticed a cane toad
   576 | D        | Noticed a komodo dragon
   576 | D        | Noticed a cane toad
   579 | D        | Killed a cane toad
   580 | D        | Noticed a cane toad
   591 | D        | Noticed a cane toad
   599 | D        | Killed a komodo dragon
   603 | D        | Mangled by a cane toad

Illustrated notes

Levels and vault maps discovered:
D:        linesprint [early_d, line_temple, items_1, d_10, items_2, lair_1,
          lair_end, items_3, orc_1, orc_end, items_4, d_15, swamp_1, shoals_1,
          snake_1, spider_1, d_20, vaults_1, items_5, swamp_end, shoals_end,
          snake_end, spider_end, vaults_end, d_27, items_6, zot_1, zot_end,
          crypt_end, forest_end, elf_end, slime_end, tomb_end, abyss_end,
          pan_hell_end]

Skill      XL: |  1  2  3  4  5  6  7  8  9 |
---------------+----------------------------+-----
Fighting       | 6 8 10 11 14 15 | 15.7
Long Blades    | 7 9 11 13 16 17 18 | 18.7
Armour         | 3 4 5 7 8 |  8.9
Dodging        | 3 4 6 8 9 |  9.7

Action                   |  1- 3 |  4- 6 |  7- 9 || total
-------------------------+-------+-------+-------++-------
Melee: Falchion          |    32 |    13 |       ||    45
       Headbutt          |     1 |     8 |    15 ||    24
       Scimitar          |       |     9 |    63 ||    72
       Punch             |       |       |     1 ||     1
Invok: Berserk           |     1 |     1 |     2 ||     4
       Trog's Hand       |       |       |     2 ||     2
Armor: Animal skin       |     1 |       |       ||     1
       Chain mail        |       |     4 |    20 ||    24
Dodge: Dodged            |    18 |    16 |    25 ||    59
